 Dungeon Crawl Stone Soup version 0.32-a0-876-gcfddb08e57 (webtiles) character file.

Game seed: 16417966143749170856

2690 pokeman the Thaumaturge (level 9, -5/51 HPs)
             Began as a Deep Elf Hedge Wizard on Mar 31, 2024.
             Splashed by a jelly's acid (9 damage)
             ... on level 7 of the Dungeon.
             The game lasted 00:14:22 (7121 turns).

pokeman the Thaumaturge (Deep Elf Hedge Wizard)     Turns: 7121, Time: 00:14:23

Health: -5/51      AC: -4    Str:  7    XL:     9   Next: 38%
Magic:  19/26      EV: 16    Int: 24    God:
Gold:   408        SH:  0    Dex: 14    Spells: 20/31 levels left

rFire   . . .        r - +0 war axe
rCold   . . .        (no shield)
rNeg    . . .        h - +3 leather armour
rPois   .            c - +0 hat
rElec   .            (no cloak)
rCorr   .            (no gloves)
SInv    .            m - +0 pair of boots
Will    .....        (no amulet)
Stlth   ++           f - +5 ring of evasion
HPRegen 0.28/turn    y - +4 ring of slaying
MPRegen 0.20/turn

%: no passive effects
@: corroded
A: no striking features
a: no special abilities


You were on level 7 of the Dungeon.
You visited 2 branches of the dungeon, and saw 8 of its levels.

You collected 408 gold pieces.

Inventory:

Hand Weapons
 r - a +0 war axe (weapon)
Missiles
 q - 4 throwing nets
Armour
 c - a +0 hat (worn)
 h - a +3 leather armour (worn)
 i - the +0 robe "Oleughekh" {-Tele rPois rC+ Dex+2}
   (You found it on level 2 of the Dungeon)

   Dex+2:     It affects your dexterity (+2).
   rC+:       It protects you from cold.
   rPois:     It protects you from poison.
   -Tele:     It prevents most forms of teleportation.
 m - a +0 pair of boots (worn)
Magical Staves
 l - a staff of alchemy
Jewellery
 f - a +5 ring of evasion (left hand)
 y - a +4 ring of slaying (right hand)
Wands
 n - a wand of paralysis (10)
 z - a wand of light (6)
Scrolls
 e - 9 scrolls of identify {unknown}
 g - 4 scrolls of teleportation {unknown}
 j - a scroll of enchant weapon {unknown}
 k - 2 scrolls of torment {unknown}
 s - a scroll of immolation {unknown}
 t - 2 scrolls of fear {unknown}
 u - a scroll of fog {unknown}
 x - a scroll of silence {unknown}
Potions
 a - a potion of heal wounds {unknown}
 b - 2 potions of might {unknown}
 d - a potion of magic
 o - 2 potions of enlightenment {unknown}
 p - 2 potions of attraction {unknown}
 v - 2 potions of degeneration {unknown}
 w - a potion of lignification {unknown}
 A - 2 potions of mutation {unknown}


   Skills:
 + Level 3.4 Fighting
 - Level 3.0 Armour
 - Level 3.0 Dodging
 - Level 3.1 Stealth
 * Level 11.9 Spellcasting
 + Level 6.5 Conjurations
 - Level 1.1 Summonings
 - Level 1.1 Translocations
 + Level 3.4 Ice Magic
 - Level 1.1 Air Magic
 - Level 1.0 Alchemy
 - Level 1.2 Evocations


You had 20 spell levels left.
You knew the following spells:

 Your Spells              Type           Power      Damage    Failure   Level
a - Magic Dart            Conj           100%       1d8       1%          1
b - Mephitic Cloud        Conj/Alch/Air  28%        N/A       6%          3
c - Call Imp              Summ           38%        N/A       6%          2
d - Blink                 Tloc           38%        N/A       6%          2
e - Ozocubu's Armour      Ice            30%        N/A       4%          3

Your spell library contained the following spells:

 Spells                   Type           Power      Damage    Failure   Level
 Slow                     Hex            56%        N/A       6%          1
 Cigotuvi's Dreadful Rot  Necr/Alch/Air  34%        N/A       7%          2
 Fugue of the Fallen      Necr           14%        N/A       19%         3
 Manifold Assault         Tloc           9%         N/A       100%        7


Dungeon Overview and Level Annotations

Branches:
Dungeon (7/15)             Temple (1/1) D:4

Altars:
Ashenzari
Cheibriados
Fedhas
Gozag
Makhleb
Okawaru
Ru
Uskayaw
Wu Jian
Xom
Yredelemnul
Zin

Shops:
D:5 =

Annotations:
D:7 1 runed translucent door, Crazy Yiuf


Message History

The jelly closely misses you.
Unknown command.
Casting: Magic Dart (safe; 1% risk of failure)
Confirm with . or Enter, or press ? or * to list all spells.
Aiming: Magic Dart (safe; 1% risk of failure)
Press: ? - help, Shift-Dir - straight line, f/p - jelly
Aim: a jelly (moderately wounded, 100% to hit)
The magic dart hits the jelly.
The jelly is heavily wounded.
The jelly hits you.
You are splashed with acid.
Unknown command.
Casting: Magic Dart (safe; 1% risk of failure)
Confirm with . or Enter, or press ? or * to list all spells.
Aiming: Magic Dart (safe; 1% risk of failure)
Press: ? - help, Shift-Dir - straight line, f/p - jelly
Aim: a jelly (heavily wounded, 100% to hit)
The magic dart hits the jelly.
The jelly is heavily wounded.
The jelly barely misses you.
Unknown command.
Casting: Magic Dart (safe; 1% risk of failure)
Confirm with . or Enter, or press ? or * to list all spells.
Aiming: Magic Dart (safe; 1% risk of failure)
Press: ? - help, Shift-Dir - straight line, f/p - jelly
Aim: a jelly (heavily wounded, 100% to hit)
The magic dart hits the jelly!
The jelly is severely wounded.
The jelly hits you.
You are splashed with acid!
* * * LOW HITPOINT WARNING * * *
Casting: Magic Dart (safe; 1% risk of failure)
Confirm with . or Enter, or press ? or * to list all spells.
Aiming: Magic Dart (safe; 1% risk of failure)
Press: ? - help, Shift-Dir - straight line, f/p - jelly
Aim: a jelly (severely wounded, 100% to hit)
The magic dart hits the jelly.
The jelly is severely wounded.
The jelly hits you.
* * * LOW HITPOINT WARNING * * *
You are splashed with acid!
You die...

........# ...
ß.....ß.###..
...........#
...........#
........(..#
..>......[.# #####
........#'###....#
ß.....ß.#..)#....#
........#...@J...#
.....†..#..)#)...#
####....##)####+#....#
#..######..####.####....
......'........... ...
..†...#........... ..
......#........... ≈
......#...........
##'############..#


You could see a jelly.

Vanquished Creatures
  A two-headed ogre (D:7)
  A troll (D:7)
  A water moccasin (D:7)
  2 orc warriors (D:7)
  3 ogres
  A centaur (D:6)
  3 phantoms
  3 bullfrogs
  A gnoll sergeant (D:6)
  2 scorpions
  A howler monkey (D:6)
  2 bombardier beetles (D:5)
  A jelly (D:7)
  3 orc priests
  5 iguanas
  3 orc wizards (D:6)
  5 gnolls (D:6)
  4 adders
  2 dart slugs
  A ribbon worm (D:2)
  19 orcs
  4 endoplasms
  2 giant cockroaches
  10 goblins
  8 hobgoblins
  5 quokkas
  2 ball pythons
  4 bats
  3 kobolds
  5 rats
107 creatures vanquished.

Vanquished Creatures (collateral kills)
  An ice beast (D:4)
  An endoplasm (D:2)
2 creatures vanquished.

Vanquished Creatures (others)
  An orc (D:3)
1 creature vanquished.

Grand Total: 110 creatures vanquished

Notes
Turn   | Place    | Note
-------+----------+-------------------------------------------
     0 | D:1      | pokeman the Deep Elf Hedge Wizard began the quest for the
                  | Orb.
     0 | D:1      | Reached XP level 1. HP: 10/10 MP: 7/7
   546 | D:1      | Reached XP level 2. HP: 16/16 MP: 1/9
  1260 | D:2      | Identified the +0 robe "Oleughekh" {-Tele rPois rC+ Dex+2}
  1711 | D:2      | Reached skill level 5 in Spellcasting
  1730 | D:2      | Reached XP level 3. HP: 17/20 MP: 3/11
  1734 | D:2      | Learned a level 3 spell: Mephitic Cloud
  1737 | D:2      | Learned a level 2 spell: Call Imp
  1740 | D:2      | Learned a level 2 spell: Blink
  2111 | D:3      | Noticed a scorpion
  2112 | D:3      | Noticed a phantom
  2128 | D:3      | Reached skill level 1 in Fighting
  2128 | D:3      | Reached skill level 1 in Armour
  2629 | D:2      | Killed a phantom
  2630 | D:2      | Reached XP level 4. HP: 15/25 MP: 0/13
  2758 | D:3      | Killed a scorpion
  2759 | D:3      | Reached skill level 6 in Spellcasting
  2759 | D:3      | Reached XP level 5. HP: 29/29 MP: 8/15
  3017 | D:3      | Reached skill level 1 in Air Magic
  3146 | D:3      | Found a broken altar of Ashenzari.
  3622 | D:4      | Found a burning altar of Makhleb.
  3638 | D:4      | Reached skill level 1 in Alchemy
  3980 | D:4      | Reached XP level 6. HP: 34/34 MP: 15/17
  4008 | D:4      | Reached skill level 7 in Spellcasting
  4008 | D:4      | Reached skill level 1 in Evocations
  4090 | D:4      | Found a staircase to the Ecumenical Temple.
  4092 | D:4      | Noticed an ice beast
  4143 | D:4      | Killed an ice beast
  4161 | Temple   | Entered the Ecumenical Temple
  4472 | D:5      | Entered Level 5 of the Dungeon
  4486 | D:4      | Reached XP level 7. HP: 38/40 MP: 10/20
  4574 | D:5      | Reached skill level 8 in Spellcasting
  5024 | D:5      | Found Kydagaiw's Jewellery Emporium.
  5129 | D:5      | Reached skill level 9 in Spellcasting
  5447 | D:6      | Reached XP level 8. HP: 34/44 MP: 13/23
  5625 | D:6      | Found a blossoming altar of Fedhas.
  5638 | D:6      | Reached skill level 5 in Conjurations
  5685 | D:6      | Reached skill level 10 in Spellcasting
  5813 | D:6      | Found a snail-covered altar of Cheibriados.
  5969 | D:6      | Learned a level 3 spell: Ozocubu's Armour
  6437 | D:7      | Found a runed translucent door.
  6438 | D:7      | Noticed Crazy Yiuf
  6583 | D:7      | Noticed a troll
  6603 | D:7      | Reached skill level 1 in Ice Magic
  6792 | D:7      | Killed a troll
  6793 | D:7      | Reached skill level 11 in Spellcasting
  6922 | D:7      | Reached XP level 9. HP: 49/49 MP: 24/26
  6939 | D:7      | Noticed a two-headed ogre
  6966 | D:7      | Killed a two-headed ogre
  7121 | D:7      | Splashed by a jelly's acid

Illustrated notes

Levels and vault maps discovered:
D:1:      dpeg_arrival_tiny_a, layout_loops_ring
D:2:      kennysheep_the_goblin_king, layout_basic, serial_park_tiny_1
D:3:      layout_loops_ring, cheibrodos_ashenzari_chains, minmay_crystal_room,
          minmay_fractal_squares_gapless_5
D:4:      layout_basic, mainiacjoe_overflow_small_starburst,
          minmay_temple_entry_glass, solitary_fountain
D:5:      layout_cave_pools, minmay_shop_enchanted_jewellery
D:6:      layout_cave_pods, kennysheep_mini_moat, mainiacjoe_overflow_brackets
D:7:      layout_gridville, mainiacjoe_overflow_six_doors_small,
          general_overflow_altar, nicolae_hepliaklqana_monster_ancestors,
          st_stairs_1, uniq_crazy_yiuf_cottage
Temple:   hellmonk_temple_rainy

Skill      XL: |  1  2  3  4  5  6  7  8  9 |
---------------+----------------------------+-----
Spellcasting   | 5 6 7 9 11 | 11.9
Fighting       | 1 2 3 |  3.4
Armour         | 1 2 3 |  3.0
Conjurations   | 2 3 4 6 |  6.5
Dodging        | 3 |  3.0
Stealth        | 3 |  3.1
Air Magic      | 1 |  1.1
Alchemy        | 1 |  1.0
Evocations     | 1 |  1.2
Ice Magic      | 2 3 |  3.4
Summonings     | |  1.1
Translocations | |  1.1

Action                     |  1- 3 |  4- 6 |  7- 9 || total
---------------------------+-------+-------+-------++-------
  Melee: Dagger            |    57 |     7 |       ||    64
         War axe           |       |    36 |    84 ||   120
   Cast: Magic Dart        |    98 |    79 |   126 ||   303
         Call Imp          |     4 |     5 |     4 ||    13
         Mephitic Cloud    |     3 |     3 |    23 ||    29
         Blink             |     1 |     2 |     1 ||     4
         Ozocubu's Armour  |       |       |     1 ||     1
   Stab: Confused          |     1 |     4 |    13 ||    18
 Armour: Leather armour    |    38 |    29 |    48 ||   115
  Dodge: Dodged            |    77 |    65 |    85 ||   227

Table legend: (Time is in decaauts)
 A = Elapsed time spent in this place.
 B = Non-inter-level travel time spent in this place.
 C = Inter-level travel time spent in this place.
 D = Time resting spent in this place.
 E = Time spent auto-exploring this place.
 F = Levels seen in this place.
 G = Mean time per level.
                   A        B        C        D        E       F      G
               +--------+--------+--------+--------+--------+-----+--------+
         Total |   7184 |   6945 |    239 |    550 |   5264 |   8 |  898.0 |
       Dungeon |   7183 |   6944 |    239 |    550 |   5264 |   7 | 1026.1 |
        Temple |      1 |      1 |      0 |      0 |      0 |   1 |    1.0 |
               +--------+--------+--------+--------+--------+-----+--------+

Top non-repeatable levels by time:
     D:2: 1731 daAuts
     D:6: 1025 daAuts
     D:4: 1014 daAuts
     D:3: 971 daAuts
     D:1: 890 daAuts
     D:5: 785 daAuts
     D:7: 762 daAuts
  Temple: 1 daAuts
